Map: Echo LE (Void)

Players

McMonroe - Winner!

  • Race: Zerg Zerg
  • League: Grandmaster
  • Spawn Location: 5:00

jheffe

  • Race: Terran Terran
  • League: Grandmaster
  • Spawn Location: 11:00

VOD

Have the link to the VOD?

Description

Fast +1 carapace, 2-1-1 Counter Build. Muta Ling Bane ZvT

Time

  • Played on: Jan. 21, 2017, 10:57 p.m.
  • Length: 12:11
Show
View Real Time Build Order
Export as new Build Order

McMonroe Zerg - Winner!

Build Orders: Hatch First, Muta Ling Bane 

Get SALT Encoding   

  12  0:01  Drone  
  13  0:12  Overlord  
  13  0:19  Drone  
  14  0:30  Drone x2  
  14  0:34  Drone  
  17  0:51  Hatchery  
  17  0:54  Drone  
  17  0:58  Drone  
  17  1:00  Extractor  
  17  1:14  Spawning Pool  
  17  1:16  Drone  
  17  1:21  Drone  
  18  1:28  Drone  
  19  1:38  Overlord  
  19  1:49  Drone  
  20  2:00  Queen  
  20  2:01  Metabolic Boost  
  22  2:03  Queen  
  22  2:05  Zergling x2  
  22  2:07  Zergling x2  
  26  2:11  Drone  
  26  2:15  Drone  
  28  2:23  Drone  
  28  2:26  Drone  
  30  2:34  Drone  
  30  2:36  Queen  
  33  2:37  Overlord  
  33  2:46  Evolution Chamber  
  33  2:47  Drone x2  
  34  2:53  Drone  
  34  2:58  Drone  
  36  3:03  Overlord  
  36  3:07  Drone  
  36  3:09  Drone x3  
  36  3:12  Drone x3  
  43  3:18  Zerg Ground Armor Level 1  
  43  3:20  Drone  
  44  3:33  Hatchery  
  43  3:36  Overlord  
  43  3:38  Drone  
  44  3:41  Drone x2  
  44  3:44  Drone x2  
  44  3:46  Drone  
  49  3:49  Overlord  
  49  3:53  Overlord  
  49  3:56  Queen  
  51  4:03  Drone  
  51  4:06  Queen  
  54  4:13  Drone x4  
  54  4:15  Drone x2  
  54  4:17  Drone x2  
  62  4:20  Overlord  
  62  4:22  Zergling x4  
  64  4:32  Overlord, Queen  
  66  4:40  Zergling x2  
  66  4:41  Zergling x2  
  66  4:42  Queen  
  70  4:45  Queen  
  70  4:47  Zergling x8  
  70  4:49  Zergling x2  
  70  4:50  Zergling x2  
  70  4:51  Zergling x2  
  70  4:52  Zergling x2  
  80  4:56  Drone  
  80  4:58  Drone x2  
  83  5:09  Overlord  
  83  5:10  Drone  
  83  5:11  Drone x2  
  83  5:12  Zerg Melee Weapons Level 1  
  85  5:15  Drone x6  
  89  5:22  Lair  
  89  5:26  Extractor, Overlord x2, Baneling Nest  
  89  5:27  Extractor  
  89  5:28  Extractor  
  85  5:29  Drone x3  
  85  5:33  Drone x2  
  90  5:36  Zergling x2  
  92  5:42  Zergling x2  
  92  5:43  Zergling x2  
  92  5:45  Hatchery  
  92  5:46  Zergling x2  
  92  5:49  Zergling x6  
  96  5:54  Zergling x10  
  96  5:55  Zergling x2  
  100  6:02  Drone x2  
  95  6:09  Hatchery  
  94  6:16  Drone x3  
  98  6:18  Drone x4  
  98  6:20  Extractor  
  98  6:21  Extractor  
  98  6:22  Centrifical Hooks  
  98  6:23  Evolution Chamber  
  98  6:24  Spire  
  98  6:25  Drone x5  
  102  6:29  Baneling x4  
  102  6:30  Baneling x2  
  102  6:33  Zergling x6  
  105  6:43  Zergling x6  
  106  6:53  Zerg Ground Armor Level 2  
  106  6:54  Spore Crawler  
  106  6:56  Spore Crawler  
  106  6:59  Zergling x20  
  114  7:07  Overseer, Overlord x2  
  114  7:12  Zerg Melee Weapons Level 2  
  114  7:16  Drone x4  
  114  7:18  Overlord x7  
  118  7:34  Baneling  
  118  7:35  Baneling x5  
  118  7:37  Zergling x20  
  118  7:47  Drone x7  
  125  7:52  Zerg Flyer Weapons Level 1  
  125  7:53  Overseer, Mutalisk x5  
  135  8:04  Mutalisk x2  
  139  8:07  Zergling x6  
  142  8:13  Mutalisk  
  142  8:17  Zergling x16  
  152  8:21  Hatchery  
  152  8:22  Baneling  
  152  8:23  Baneling x6  
  151  8:34  Mutalisk x2  
  137  8:42  Zergling x32  
  137  8:45  Mutalisk x2  
  148  8:52  Zergling x14  
  148  8:53  Zergling x4  
  157  9:06  Mutalisk x3  
  157  9:07  Hatchery  
  162  9:11  Zergling x10  
  141  9:25  Mutalisk x3  
  141  9:30  Zergling x16  
  141  9:31  Zergling x10  
  159  9:35  Mutalisk x2  
  162  9:41  Zergling x4  
  162  9:42  Zergling x8  
  166  9:50  Overlord x2  
  166  9:51  Zergling x10  
  171  9:55  Zerg Flyer Weapons Level 2  
  171  9:58  Zergling x2  
  171  9:59  Zergling x2  
  173  10:01  Baneling x5  
  173  10:02  Baneling x5  
  162  10:12  Mutalisk  
  145  10:17  Zergling x22  
  145  10:18  Zergling x8  
  150  10:27  Mutalisk x3  
  153  10:29  Zergling x6  
  153  10:33  Zergling x2  
  153  10:34  Zergling x6  
  157  10:50  Baneling x7  
  157  10:51  Baneling x7  
  157  10:54  Zergling x20  
  157  10:55  Zergling x8  
  171  11:02  Mutalisk x2  
  175  11:09  Zergling x10  
  175  11:11  Baneling x7  
  180  11:16  Zergling x12  
  180  11:17  Zergling x4  
  181  11:32  Zergling x22  
  180  11:37  Hatchery  
  180  11:38  Mutalisk x4  
Show
View Real Time Build Order
Export as new Build Order

jheffe Terran 

Build Orders: MMM Bio 

Get SALT Encoding   

  12  0:01  SCV  
  13  0:13  SCV  
  14  0:17  Supply Depot  
  14  0:25  SCV  
  15  0:39  SCV  
  15  0:40  Barracks  
  16  0:44  Refinery  
  16  0:51  SCV  
  17  1:03  SCV  
  18  1:15  SCV  
  19  1:27  Orbital Command, Marine  
  20  1:40  Command Center  
  20  1:45  Marine  
  21  1:53  SCV  
  22  1:58  Barracks  
  22  2:04  Supply Depot  
  22  2:07  Barracks Reactor  
  22  2:10  SCV  
  23  2:23  Factory  
  23  2:26  SCV  
  24  2:31  Refinery  
  24  2:38  SCV  
  24  2:44  Marine x2  
  25  2:46  Barracks Tech Lab  
  25  2:50  SCV  
  28  2:55  Orbital Command  
  28  3:03  Marine x2  
  28  3:04  Stimpack  
  30  3:06  SCV  
  31  3:14  Starport  
  31  3:18  SCV  
  32  3:20  Factory Reactor  
  32  3:22  Marine x2  
  32  3:25  Marine  
  35  3:29  SCV  
  36  3:34  Supply Depot, SCV  
  37  3:41  SCV  
  37  3:44  Marine x2  
  37  3:46  SCV  
  41  3:50  Marine  
  41  3:53  SCV  
  43  3:58  Supply Depot  
  43  4:00  Medivac  
  43  4:01  Medivac  
  43  4:02  SCV  
  48  4:03  Marine x2  
  48  4:06  SCV  
  48  4:08  Marine  
  52  4:14  SCV  
  53  4:19  SCV  
  53  4:20  Marine  
  53  4:21  Marine  
  53  4:22  Engineering Bay  
  56  4:24  Engineering Bay  
  56  4:26  SCV  
  56  4:30  Supply Depot  
  58  4:38  Medivac  
  58  4:40  Marine  
  58  4:42  Marine x2  
  62  4:53  Terran Infantry Weapons Level 1, SCV  
  62  4:57  SCV  
  62  4:58  Marine  
  65  5:00  Supply Depot  
  65  5:04  Combat Shields  
  65  5:05  SCV  
  65  5:06  Command Center  
  66  5:09  SCV  
  67  5:18  Marine x3  
  67  5:23  SCV  
  67  5:24  Factory Reactor  
  67  5:27  Refinery, Barracks  
  68  5:28  Refinery  
  68  5:31  SCV  
  68  5:35  Barracks  
  69  5:37  SCV, Marine x2  
  69  5:38  Barracks  
  69  5:41  Terran Infantry Armor Level 1  
  72  5:45  SCV  
  72  5:47  Marine  
  72  5:49  SCV  
  75  5:58  SCV  
  75  6:01  Marine x2  
  75  6:03  SCV  
  71  6:05  Widow Mine x2, Marine  
  71  6:07  Supply Depot  
  76  6:17  Barracks Reactor  
  76  6:18  Orbital Command  
  74  6:20  SCV  
  74  6:24  Armory, Barracks Reactor  
  74  6:25  Barracks Reactor  
  75  6:26  SCV  
  75  6:30  Medivac x2  
  75  6:31  Marine  
  75  6:32  Marine  
  82  6:34  SCV  
  82  6:38  SCV  
  84  6:44  Marine  
  84  6:45  Widow Mine  
  84  6:46  SCV  
  88  6:48  Supply Depot  
  88  6:49  Marine  
  88  6:50  Marine  
  88  6:52  SCV  
  88  6:53  Orbital Command  
  91  6:57  Marine x2  
  93  7:02  Marine  
  93  7:06  Marine x2  
  93  7:07  Marine  
  93  7:08  Marine x2  
  99  7:10  Supply Depot  
  99  7:12  SCV  
  99  7:13  SCV  
  101  7:19  SCV  
  102  7:23  Marine x3  
  102  7:24  SCV  
  102  7:25  SCV  
  102  7:27  Supply Depot  
  102  7:28  Terran Infantry Weapons Level 2  
  107  7:31  SCV  
  107  7:36  Marine x3  
  103  7:45  Widow Mine x2, Marine x5  
  103  7:46  SCV  
  103  7:49  SCV x2  
  111  7:55  Supply Depot x2  
  111  7:57  Supply Depot  
  111  8:00  Marine x4  
  111  8:02  Medivac x2, Marine  
  120  8:08  Marine  
  120  8:09  Marine x2  
  123  8:14  Widow Mine  
  123  8:16  Widow Mine, Marine  
  123  8:17  Marine  
  123  8:18  Marine  
  130  8:21  SCV  
  130  8:24  Marine x2  
  133  8:28  Supply Depot  
  125  8:45  Marine x3  
  115  8:50  Marine x3  
  115  8:51  Marine x3  
  115  8:53  Widow Mine x2  
  125  8:56  Missile Turret  
  125  8:57  Supply Depot  
  125  8:59  Supply Depot  
  125  9:02  Marine  
  125  9:03  Marine x2  
  125  9:07  Barracks x2  
  125  9:08  Barracks, Marine x2  
  125  9:09  Marauder, Marine x3  
  135  9:10  Medivac x2  
  135  9:13  Supply Depot  
  139  9:20  Marine x2  
  139  9:21  Widow Mine  
  139  9:22  Widow Mine, Marine  
  131  9:26  Marine x2  
  131  9:27  Marine  
  131  9:31  Marauder  
  132  9:36  Marine x2  
  132  9:38  Marine x2  
  132  9:39  Marine  
  132  9:41  Missile Turret  
  132  9:44  Marine  
  132  9:45  Command Center  
  132  9:47  Marine  
  132  9:48  Marine  
  132  9:50  Medivac x2, Widow Mine x2  
  132  9:52  Marauder  
  121  10:15  Marine x5, Barracks Tech Lab x2  
  121  10:16  Barracks Reactor  
  112  10:22  Marine x4  
  112  10:26  Medivac x2  
  100  10:32  Widow Mine x2, Marine  
  100  10:33  Marine x3  
  105  10:41  Marauder  
  106  10:46  Marauder, Marine x4  
  112  10:52  Marine x5  
  112  10:53  Marauder  
  119  10:58  Marine  
  119  11:02  Marauder  
  119  11:03  Marine x2  
  124  11:06  Marine x2  
  124  11:08  Widow Mine x2, Marauder  
  124  11:10  Marine  
  133  11:12  Marine x2  
  133  11:13  Marine x2  
  133  11:14  Marauder  
  135  11:32  Marine x4  
  133  11:33  Marauder x2  
  133  11:35  Marine x4  
  133  11:36  Widow Mine x2, Marauder  
Tags
 
Add a new tag
Caveats
  • Supply blocks, unpowered buildings, or Contaminate may cause inaccurate times.
  • Supply counts are checked every 10 seconds.